 Dungeon Crawl Stone Soup version 0.31-a0-1178-gc5c9b8f871 (webtiles) character file.

Game seed: 155808967011816432

16517 grandjackal the Grappler (level 12, -12/102 HPs)
             Began as a Demonspawn Gladiator on Dec 11, 2023.
             Was a Priest of Nemelex Xobeh.
             Mangled by a cane toad (13 damage)
             ... on level 1 of the Lair of Beasts.
             The game lasted 00:17:44 (15231 turns).

grandjackal the Grappler (Demonspawn Gladiator)    Turns: 15231, Time: 00:17:45

Health: -12/102    AC: 12    Str: 18    XL:     12   Next: 10%
Magic:  20/20      EV: 11    Int: 13    God:    Nemelex Xobeh [***...]
Gold:   609        SH:  5    Dex: 15    Spells: 11/11 levels left

rFire   + .          .
                       - Unarmed
rCold   . . .        (no shield)
rNeg    + . .        t - +0 scale mail
rPois   .            i - +2 hat
rElec   +            (no cloak)
rCorr   .            B - +0 pair of gloves
SInv    +            P - +0 pair of boots of Qist {rElec Int+3 SInv}
Will    .....        Q - amulet of reflection Stlth
                     F - ring of positive energy
HPRegen 0.37/turn    N - ring of protection from fire
MPRegen 0.17/turn

%: reflection
@: mighty, lethally poisoned (-12 -> -22)
A: claws 2, powered by death 1, sharp scales 2, demonic magic 1
a: Renounce Religion, Draw Escape, Draw Destruction, Draw Summoning, Triple Draw


You were on level 1 of the Lair of Beasts.
You worshipped Nemelex Xobeh.
Nemelex Xobeh was most pleased with you.
You visited 3 branches of the dungeon, and saw 14 of its levels.
You also visited: Sewer.

You collected 779 gold pieces.
You spent 170 gold pieces at shops.

Inventory:

Hand Weapons
 a - a +0 war axe
 D - a +2 flail of draining
Missiles
 d - a throwing net (quivered)
 e - a javelin
Armour
 c - a +0 helmet
 i - a +2 hat (worn)
 t - a +0 scale mail (worn)
 B - a +0 pair of gloves (worn)
 P - the +0 pair of boots of Qist (worn) {rElec Int+3 SInv}
   (You found it on level 11 of the Dungeon)

   Int+3:     It affects your intelligence (+3).
   rElec:     It insulates you from electricity.
   SInv:      It lets you see invisible.
Jewellery
 F - a ring of positive energy (left hand)
 N - a ring of protection from fire (right hand)
 Q - an amulet of reflection (around neck)
Wands
 k - a wand of mindburst (8)
 A - a wand of paralysis (19)
 E - a wand of roots (11)
 I - a wand of flame (9)
 O - a wand of digging (4)
Scrolls
 f - a scroll of revelation {unknown}
 g - 3 scrolls of enchant weapon {unknown}
 h - 3 scrolls of poison {unknown}
 j - 5 scrolls of fear {unknown}
 l - 2 scrolls of amnesia {unknown}
 m - 2 scrolls of fog {unknown}
 s - 3 scrolls of enchant armour
 u - 2 scrolls of silence
 x - 9 scrolls of teleportation
 y - 2 scrolls of brand weapon {unknown}
 z - 3 scrolls of immolation
 C - a scroll of butterflies
 G - 3 scrolls of blinking {unknown}
 J - a scroll of identify
Potions
 b - 2 potions of heal wounds
 n - 2 potions of haste
 o - 2 potions of might
 p - 4 potions of curing
 q - a potion of resistance
 r - 2 potions of attraction
 v - 4 potions of berserk rage {unknown}
 w - 2 potions of enlightenment
 H - a potion of degeneration {unknown}
 K - a potion of experience {unknown}
 L - a potion of magic {unknown}
 M - a potion of lignification
 R - 2 potions of mutation {unknown}


   Skills:
 + Level 11.9 Fighting
 - Level 4.1 Axes
 - Level 2.0 Throwing
 - Level 4.1 Dodging
 + Level 11.9 Unarmed Combat
 + Level 11.0 Invocations


You had 11 spell levels left.
You didn't know any spells.
Your spell library contained the following spells:

 Spells                   Type           Power      Damage    Failure   Level
 Magic Dart               Conj           0%         1d3       71%         1
 Necrotise                Necr           0%         1d4       71%         1
 Shock                    Conj/Air       0%         1d3       71%         1
 Slow                     Hex            0%         N/A       71%         1
 Sting                    Tmut/Pois      0%         1d3       71%         1
 Cigotuvi's Dreadful Rot  Necr/Pois/Air  0%         N/A       85%         2
 Poisonous Vapours        Pois/Air       0%         N/A       85%         2
 Searing Ray              Conj           0%         2d4       85%         2
 Confusing Touch          Hex            0%         N/A       97%         3
 Dazzling Flash           Conj/Hex       0%         N/A       97%         3
 Ignite Poison            Fire/Tmut/Pois 0%         N/A       97%         3
 Ozocubu's Armour         Ice            0%         N/A       97%         3
 Sigil of Binding         Hex            0%         N/A       97%         3
 Swiftness                Air            0%         N/A       97%         3
 Vampiric Draining        Necr           0%         2d6       97%         3
 Airstrike                Air            0%         2d(0-16)  100%        4
 Fulminant Prism          Conj/Hex       0%         3d5       100%        4
 Olgreb's Toxic Radiance  Pois           0%         N/A       100%        4
 Agony                    Necr           0%         N/A       100%        5
 Freezing Cloud           Conj/Ice/Air   0%         6-21      100%        5
 Silence                  Hex/Air        0%         N/A       100%        5
 Ozocubu's Refrigeration  Ice            0%         4d7       100%        7


Dungeon Overview and Level Annotations

Branches:
Dungeon (12/15)            Temple (1/1) D:7            Lair (1/5) D:8
    Orc (0/2) D:12          Sewer (visited)

Altars:
Ashenzari
Cheibriados
Dithmenos
Fedhas
Gozag
Hepliaklqana
Kikubaaqudgha
Makhleb
Nemelex Xobeh
Okawaru
Qazlal
Ru
Sif Muna
Trog
Uskayaw
Vehumet
Wu Jian
Xom
Yredelemnul

Shops:
D:3 (   D:4 ![!   D:6 *


Innate Abilities, Weirdness & Mutations

You have very sharp fingernails.
You regenerate a little health from kills.
You are mostly covered in razor-sharp scales. (AC +2, Slay +2)
Spells you cast may paralyse adjacent enemies.


Message History

The catoblepas is almost dead.
You are engulfed in calcifying dust.
You are slowing down.
You pummel the catoblepas!!
You kill the catoblepas!
You are engulfed in calcifying dust.
Your limbs have turned to stone.
The cane toad stings you.
You have turned to stone.
Your Invocations skill increases to level 11!
You are engulfed in calcifying dust.
The cane toad stings you!
You are engulfed in calcifying dust.
The cane toad barely misses you.
You are engulfed in calcifying dust.
The cane toad stings you. The cane toad barely misses you.
The cane toad stings you but does no damage.
The cane toad stings you! The cane toad stings you.
The cane toad completely misses you. The cane toad stings you.
You turn to flesh and can move again.
You punch the cane toad!
The cane toad is moderately wounded.
The cane toad stings you!!
* * * LOW HITPOINT WARNING * * *
You barely miss the cane toad.
The cane toad is moderately wounded.
The cane toad stings you!
* * * LOW HITPOINT WARNING * * *
You are lethally poisoned!
The cane toad poisons you!
You barely miss the cane toad.
The cane toad is moderately wounded.
* * * LOW HITPOINT WARNING * * *
You feel very sick. You block the cane toad's attack.
You punch the cane toad!
The cane toad is heavily wounded.
* * * LOW HITPOINT WARNING * * *
You feel very sick. The cane toad stings you!
You die...
Your body disappears without a glow.

.......#.#≈.≈#
...............
............#.###
.......$........♣
.............♣
...........
#.####F#.#..#.#♣
.......@.......♣
..#.###.#.####♣♣
.#####..######♣
..............♣
.###P##...#####
.#######.######♣
.................
..##P............
.................


You could see a cane toad.

Vanquished Creatures
  A catoblepas (Lair:1)
  Erolcha (D:12)
  A centaur warrior (D:12)
  A two-headed ogre (D:10)
  Pikel (D:6)
  2 orc knights
  4 gargoyles
  A komodo dragon (Lair:1)
  An unseen horror (D:12)
  4 trolls
  Grinder (D:5)
  6 slime creatures
  A shadow (D:10)
  4 wyverns
  Eustachio (D:6)
  18 yaks
  2 vampires (D:12)
  A wraith (D:12)
  A basilisk (Lair:1)
  4 water moccasins
  2 sky beasts (D:6)
  3 black bears
  8 orc warriors
  A crocodile (Sewer)
  4 centaurs
  3 lemures (D:5)
  A phantom (D:5)
  3 kobold brigands
  A gnoll sergeant (D:9)
  3 bullfrogs
  A scorpion (D:3)
  11 wights
  3 killer bees (D:9)
  An electric eel (Lair:1)
  4 howler monkeys
  3 jellies
  8 orc priests
  6 hounds
  A gnoll bouda (D:7)
  A sleepcap (D:7)
  3 iguanas
  Terence (D:2)
  17 orc wizards
  20 gnolls
  8 adders
  2 river rats (D:5)
  A shadow imp (D:7)
  2 ufetubi (D:7)
  3 dart slugs
  78 orcs
  10 ball pythons
  9 bats
  8 endoplasms
  2 giant cockroaches
  8 goblins
  6 hobgoblins
  5 jackals
  20 kobolds
  4 quokkas
  4 frilled lizards
  6 rats
341 creatures vanquished.

Notes
Turn   | Place    | Note
-------+----------+-------------------------------------------
     0 | D:1      | grandjackal the Demonspawn Gladiator began the quest for
                  | the Orb.
     0 | D:1      | Reached XP level 1. HP: 16/16 MP: 1/1
   125 | D:1      | Gained mutation: You regenerate a little health from kills.
                  | [demonic ancestry]
   125 | D:1      | Reached XP level 2. HP: 19/22 MP: 2/2
   280 | D:1      | Gained mutation: You are partially covered in razor-sharp
                  | scales. (AC +1, Slay +1) [demonic ancestry]
   280 | D:1      | Reached XP level 3. HP: 28/28 MP: 3/3
   524 | D:2      | Found a shimmering altar of Xom.
   972 | D:2      | Reached XP level 4. HP: 35/35 MP: 4/4
  1086 | D:2      | Noticed Terence
  1097 | D:2      | Killed Terence
  1414 | D:3      | Noticed a scorpion
  1423 | D:3      | Killed a scorpion
  1424 | D:3      | Reached XP level 5. HP: 14/41 MP: 5/5
  1986 | D:3      | Found an ornate altar of the Wu Jian Council.
  2047 | D:3      | Found Tullem's Antique Weapon Shop.
  2526 | D:4      | Found Owkeg's Distillery.
  2526 | D:4      | Found Canucvor's Antique Armour Boutique.
  2526 | D:4      | Found Mevuzibace's Distillery.
  2528 | D:4      | Bought a potion of lignification for 33 gold pieces
  2528 | D:4      | Bought a potion of attraction for 33 gold pieces
  2942 | D:4      | Found a basalt altar of Yredelemnul.
  2966 | D:4      | Paralysed by an orc for 3 turns
  2972 | D:4      | Paralysed by an orc for 2 turns
  3435 | D:5      | Entered Level 5 of the Dungeon
  3450 | D:5      | Found a radiant altar of Vehumet.
  3760 | D:5      | Found a hazy altar of Hepliaklqana.
  3760 | D:5      | Found a stormy altar of Qazlal.
  3788 | D:5      | Found a glowing drain.
  3804 | D:5      | Gained mutation: You have sharp fingernails. [demonic
                  | ancestry]
  3804 | D:5      | Reached XP level 6. HP: 35/48 MP: 6/6
  3880 | Sewer    | Entered a sewer
  3968 | Sewer    | Reached skill level 1 in Unarmed Combat
  4373 | D:5      | Noticed Grinder
  4379 | D:5      | Paralysed by Grinder for 5 turns
  4392 | D:5      | Killed Grinder
  4393 | D:5      | Reached skill level 5 in Fighting
  4393 | D:5      | Reached XP level 7. HP: 22/56 MP: 7/7
  4762 | D:5      | Gained mutation: You are mostly covered in razor-sharp
                  | scales. (AC +2, Slay +2) [demonic ancestry]
  4762 | D:5      | Reached XP level 8. HP: 17/64 MP: 8/8
  4769 | D:5      | Reached skill level 5 in Unarmed Combat
  5269 | D:6      | Noticed Pikel
  5365 | D:6      | Killed Pikel
  5856 | D:6      | Reached XP level 9. HP: 45/72 MP: 9/9
  6327 | D:6      | Noticed a gargoyle
  6338 | D:6      | Killed a gargoyle
  6708 | D:6      | Found Ipajiet's General Store.
  6715 | D:6      | Bought a scroll of teleportation for 39 gold pieces
  6715 | D:6      | Bought a potion of might for 52 gold pieces
  6715 | D:6      | Bought a scroll of noise for 13 gold pieces
  6740 | D:6      | Noticed Eustachio
  6920 | D:6      | Killed Eustachio
  7545 | D:7      | Found a snail-covered altar of Cheibriados.
  7620 | D:7      | Found a staircase to the Ecumenical Temple.
  7630 | Temple   | Entered the Ecumenical Temple
  7647 | Temple   | Became a worshipper of Nemelex Xobeh the Trickster
  7717 | D:7      | Reached skill level 1 in Invocations
  8314 | D:7      | Found a shadowy altar of Dithmenos.
  8495 | D:8      | Gained mutation: You have very sharp fingernails. [demonic
                  | ancestry]
  8495 | D:8      | Reached XP level 10. HP: 65/82 MP: 12/12
  8660 | D:8      | Reached * piety under Nemelex Xobeh
  8684 | D:8      | Found a staircase to the Lair.
  9233 | D:9      | Received a gift from Nemelex Xobeh
  9520 | D:9      | Identified the amulet "Zotifud" {Spirit Will+ rCorr Str+4
                  | Slay-4}
  9526 | D:9      | Reached ** piety under Nemelex Xobeh
  9673 | D:9      | Reached skill level 5 in Invocations
  9835 | D:10     | Entered Level 10 of the Dungeon
  9980 | D:10     | Reached skill level 10 in Unarmed Combat
 10121 | D:10     | Noticed a two-headed ogre
 10136 | D:10     | Killed a two-headed ogre
 10431 | D:10     | Reached skill level 10 in Fighting
 11366 | D:11     | Gained mutation: Spells you cast may paralyse adjacent
                  | enemies. [demonic ancestry]
 11366 | D:11     | Reached XP level 11. HP: 91/91 MP: 16/16
 11764 | D:11     | Identified the +0 pair of boots of Qist {rElec Int+3 SInv}
 11796 | D:11     | Noticed an orc knight
 11827 | D:11     | Killed an orc knight
 12362 | D:11     | Reached *** piety under Nemelex Xobeh
 13257 | D:12     | Noticed an orc knight
 13291 | D:12     | Killed an orc knight
 13506 | D:12     | Received a gift from Nemelex Xobeh
 13533 | D:12     | Noticed a centaur warrior
 13543 | D:12     | Killed a centaur warrior
 13845 | D:12     | Noticed Erolcha
 13864 | D:12     | Killed Erolcha
 13865 | D:12     | Reached skill level 10 in Invocations
 14156 | D:12     | Found a staircase to the Orcish Mines.
 14384 | Lair:1   | Entered Level 1 of the Lair of Beasts
 14727 | Lair:1   | Reached XP level 12. HP: 99/101 MP: 19/19
 15208 | Lair:1   | Noticed a catoblepas
 15219 | Lair:1   | Killed a catoblepas
 15230 | Lair:1   | HP: 4/102 [poisoned by a cane toad]
 15231 | Lair:1   | HP: 1/102 [poisoned by a cane toad]
 15231 | Lair:1   | Mangled by a cane toad

Illustrated notes

Levels and vault maps discovered:
D:1:      psy_arrival_statuary, layout_rooms, nicolae_grassy_gnolls
D:2:      layout_loops_ring, basic_altar, eino_tiny_chamber, uniq_terence
D:3:      minmay_skewed_foursquare, layout_loops_ring,
          mainiacjoe_overflow_small_starburst,
          mainiacjoe_overflow_six_doors_small, zin_treasury, serial_shops, shop,
          mrwooster_statue_mirror
D:4:      layout_basic, nicolae_overflow_crystal_walls, serial_bayou_ford_a,
          nicolae_shop_distant_corner_stores, grunt_decor_clamped
D:5:      layout_loops_corners, gammafunk_temple_overflow_wave,
          vehumet_crystals, portal_sewer_entry_b, minmay_quadrilaterals,
          uniq_grinder
D:6:      layout_loops_cross, nicolae_elyvilon_temple_path, serial_shops,
          nicolae_shop_peninsula, uniq_pikel, uniq_eustachio
D:7:      layout_basic, mainiacjoe_overflow_alcove_4, amcnicky_altar_gilded,
          minmay_temple_entry_sparse_star, st_stairs_13,
          minmay_misc_feat_pillars
D:8:      layout_rooms, lair_entry_dummy
D:9:      layout_big_octagon
D:10:     layout_loops_cross, kennysheep_generic_room_11
D:11:     layout_long_grid, wad_floor_pattern_1
D:12:     layout_long_grid, hiddenorc2_lemuel, uniq_erolcha
Temple:   hellmonk_temple_flake
Lair:1:   layout_long_grid, chequers_serial_rivers_micro_d, serial_bayou_pond_e,
          hangedman_tree_tricks, cheibrodos_lair_caveside_slide

Skill      XL: |  1  2  3  4  5  6  7  8  9 10 11 12 |
---------------+-------------------------------------+-----
Throwing       | 2 |  2.0
Axes           | 3 4 |  4.1
Dodging        | 3 4 |  4.1
Fighting       | 3 4 5 7 8 10 11 | 11.9
Unarmed Combat | 3 4 7 9 10 11 | 11.9
Invocations    | 3 7 10 11 | 11.0

Action                     |  1- 3 |  4- 6 |  7- 9 | 10-12 || total
---------------------------+-------+-------+-------+-------++-------
  Melee: War axe           |   114 |   216 |   179 |       ||   509
         Punch             |     1 |     2 |    20 |    49 ||    72
         Unarmed           |       |       |   183 |   674 ||   857
  Throw: Throwing net      |       |       |     1 |     4 ||     5
  Evoke: Wand              |       |     2 |     3 |     9 ||    14
    Use: Scroll            |       |     4 |     1 |     3 ||     8
         Potion            |       |     1 |     4 |     1 ||     6
   Stab: Sleeping          |     1 |       |       |       ||     1
         Paralysed         |       |     3 |     2 |    19 ||    24
         Held in net/web   |       |       |     2 |     4 ||     6
 Armour: Leather armour    |    79 |     7 |       |       ||    86
         Scale mail        |       |   149 |   368 |   444 ||   961
         Skin              |       |     8 |   154 |       ||   162
  Dodge: Dodged            |    76 |   109 |   223 |   266 ||   674
  Block: Other             |       |       |       |    45 ||    45
         Reflection        |       |       |       |     2 ||     2

Table legend: (Time is in decaauts)
 A = Elapsed time spent in this place.
 B = Non-inter-level travel time spent in this place.
 C = Inter-level travel time spent in this place.
 D = Time resting spent in this place.
 E = Time spent auto-exploring this place.
 F = Levels seen in this place.
 G = Mean time per level.
                   A        B        C        D        E       F      G
               +--------+--------+--------+--------+--------+-----+--------+
         Total |  15230 |  14721 |    509 |   4658 |   7038 |  15 | 1015.3 |
       Dungeon |  14173 |  13664 |    509 |   4166 |   6732 |  12 | 1181.1 |
        Temple |     28 |     28 |      0 |      0 |      0 |   1 |   28.0 |
          Lair |    825 |    825 |      0 |    440 |    254 |   1 |  825.0 |
         Sewer |    203 |    203 |      0 |     52 |     52 |   1 |  203.0 |
               +--------+--------+--------+--------+--------+-----+--------+

Top non-repeatable levels by time:
     D:6: 1886 daAuts
     D:5: 1788 daAuts
    D:12: 1603 daAuts
    D:11: 1529 daAuts
    D:10: 1295 daAuts
     D:3: 1127 daAuts
     D:7: 1102 daAuts
     D:2: 1057 daAuts
     D:4: 837 daAuts
  Lair:1: 825 daAuts
     D:9: 788 daAuts
     D:8: 663 daAuts
     D:1: 493 daAuts
   Sewer: 203 daAuts
  Temple: 28 daAuts
